AoeStats
← JRazzz

African Clearing

505905546Analyzed
4v4 RM · 21d ago on Sep 11, 2026· 30m 7s· 8 players
Game mode
Random Map
Map size
Large (8 player)
Population
200
Speed
Normal
Resources
Standard
Victory
Conquest
Starting age
Dark Age
Ending age
Imperial Age
RankedLock teamsTeams togetherTeam positionsShared explorationLock speedFull tech treeHidden civsTurbo modeCheats
Victory
Defeat
🇵🇪 Magyars · Peru
1316
+15
🇧🇷 Koreans · Brazil
1303
+15
🇦🇷 Persians · Argentina
1290
+16
🇮🇹 Huns · Italy
1259
+16
🇵🇱 Magyars · Poland
1285
-16
🇸🇪 Bohemians · Sweden
1284
-16
🇬🇧 Japanese · United Kingdom
1279
-15
🇸🇰 Bengalis · Slovakia
1277
-15
Luthran
6:55 Loom
15:15 Feudal Age
21:10 Castle Age
21:08 Fletching
25:39 Double-Bit Axe
jkeR.!
6:19 Loom
15:23 Feudal Age
16:43 Bloodlines
JRazzz
3:35 Loom
11:48 Feudal Age
11:59 Man-at-Arms
12:31 Double-Bit Axe
13:53 Arson
15:25 Horse Collar
22:52 Castle Age
22:55 Wheelbarrow
mjaltbrand
15:14 Feudal Age
13:58 Loom
19:48 Castle Age
19:03 Double-Bit Axe
19:37 Fletching
22:10 Town Watch
22:48 Horse Collar
29:58 Ballistics
Tonytony_Chopper
5:11 Loom
13:27 Feudal Age
16:42 Double-Bit Axe
23:41 Castle Age
22:45 Gold Mining
23:31 Bloodlines
25:14 Fletching
27:44 Horse Collar
29:24 Wheelbarrow
Caga Mole
9:30 Loom
11:44 Feudal Age
13:37 Fletching
14:33 Double-Bit Axe
24:05 Castle Age
24:23 Crossbowman
24:59 Bodkin Arrow
26:00 Town Watch
TEX
6:54 Loom
14:22 Feudal Age
16:54 Wheelbarrow
21:33 Fletching
24:51 Castle Age
24:09 Gold Mining
25:20 Bloodlines
25:41 Husbandry
25:55 Bodkin Arrow
27:10 Double-Bit Axe
28:45 Husbandry
NicoRespeto
5:22 Loom
5:55 Loom
14:10 Feudal Age
17:45 Castle Age
18:11 Double-Bit Axe
18:34 Horse Collar
22:28 Bloodlines
22:18 Husbandry
23:58 Husbandry
25:27 Wheelbarrow
24:37 Town Watch
25:48 Scale Barding Armor
27:12 Hand Cart
26:42 Town Watch
28:08 Chain Barding Armor
28:44 Heavy Plow
28:35 Gold Mining
29:00 Bow Saw
30:42 Forging
Connection lost

Rejoining the realm…

Still unreachable

The connection could not be restored.

Session expired

The server has moved on; the page needs a fresh start.